 Dungeon Crawl Stone Soup version 0.20.1-1-g8b1a95d (webtiles) character file.

45 Kingsmith the Skirmisher (level 3, -1/23 HPs)
             Began as a Gargoyle Berserker on Dec 11, 2017.
             Was a Believer of Trog.
             Slain by a leopard gecko (3 damage)
             ... while paralysed
             ... on level 2 of the Dungeon.
             The game lasted 00:01:18 (972 turns).

Kingsmith the Skirmisher (Gargoyle Berserker)        Turns: 972, Time: 00:01:19

Health: -1/23      AC:  5    Str: 20    XL:     3   Next: 64%
Magic:  3/3        EV:  2    Int:  7    God:    Trog [**....]
Gold:   86         SH:  0    Dex: 10    Spells: 2/2 levels left

rFire    . . .     SeeInvis .     - Unarmed
rCold    . . .     Gourm    .   (no shield)
rNeg     + . .     Faith    .   a - +0 animal skin
rPois    ∞         Spirit   .   n - +0 hat {MR+}
rElec    +         Reflect  .   (no cloak)
rCorr    .         Harm     .   (no gloves)
MR       +....                  (no boots)
Stlth    +.........             (no amulet)
Regen    0.1/turn               (no ring)
MPRegen  0.1/turn               (no ring)

@: confused, paralysed, berserk cooldown, slowed
A: negative energy resistance 1, electricity resistance, unbreathing,
petrification resistance, rot immunity, AC +3
a: Berserk, Trog's Hand, Burn Spellbooks, Renounce Religion


You were on level 2 of the Dungeon.
You worshipped Trog.
Trog was pleased with you.
You were very hungry.

You visited 1 branch of the dungeon, and saw 2 of its levels.

You collected 86 gold pieces.

Inventory:

Armour
 a - a +0 animal skin (worn)
 n - a +0 hat of magic resistance (worn)
Scrolls
 c - a scroll of recharging {unknown}
 d - a scroll of enchant armour {unknown}
 f - 3 scrolls of teleportation {unknown}
 g - a scroll of amnesia {unknown}
 h - a scroll of magic mapping {unknown}
 l - a scroll of identify {unknown}
 m - 2 scrolls of fear {unknown}
Potions
 e - a potion of resistance {unknown}
 k - a potion of curing {unknown}
Comestibles
 b - 2 bread rations
 i - 2 royal jellies
 j - a chunk of flesh


   Skills:
 - Level 3.2 Fighting
 - Level 2.1 Armour
 + Level 3.2 Dodging
 - Level 3.0 Unarmed Combat


You had 2 spell levels left.
You didn't know any spells.

Dungeon Overview and Level Annotations

Branches:
Dungeon (2/15)

Altars:

Annotations:
D:2 Sigmund


Innate Abilities, Weirdness & Mutations

You are resistant to torment.
Your stone body is resilient. (AC +3)
You are immune to poison.
You resist negative energy. (rN+)
You are resistant to electric shocks. (rElec)
You can survive without breathing.
You are immune to petrification.
You are immune to rotting.


Message History

Sigmund is almost dead.
The leopard gecko closely misses you.
You closely miss the leopard gecko.
Sigmund casts a spell.
Sigmund flickers and vanishes!
Deactivating autopickup; reactivate with Ctrl-A.
You feel a strong urge to attack something.
You are no longer berserk.
You pass out from exhaustion.
You feel yourself slow down. Something hits you.
* * * LOW HITPOINT WARNING * * *
The leopard gecko bites you but does no damage.
The leopard gecko barely misses you. Something hits you but does no damage.
The jackal bites you.
* * * LOW HITPOINT WARNING * * *
A jackal comes into view.
The jackal barks!
The leopard gecko bites you.
You die...

###.........#
...........#
#h>.....#.##
#....<..#..#
###..#.###.##
##$S#)# #..#
#### #..{l.#
##.## ##...
#.##hl# #..#
####.)## ..
#.@# ##.#
#....## #.
#..#
#.###.#### ..
#......#.....#
.#
#.####.....###
#?# #....## #
#.# #.#...
##### #..
...####.
##.... #. ####
#.##....#
#.....###


You could see an adder, a leopard gecko, 2 jackals and a frilled lizard.

Vanquished Creatures
  An adder (D:2)
  A worm (D:2)
  A leopard gecko (D:1)
  A ball python (D:1)
  2 giant cockroaches
  4 goblins
  7 hobgoblins
  A bat (D:2)
  5 frilled lizards
  4 kobolds
  5 rats
32 creatures vanquished.

Notes
Turn   | Place    | Note
-------+----------+-------------------------------------------
     0 | D:1      | Kingsmith the Gargoyle Berserker began the quest for the Orb.
     0 | D:1      | Reached XP level 1. HP: 14/14 MP: 1/1
   131 | D:1      | Reached XP level 2. HP: 15/19 MP: 2/2
   614 | D:1      | Reached XP level 3. HP: 19/23 MP: 3/3
   799 | D:2      | Reached ** piety under Trog
   954 | D:2      | Noticed Sigmund
   972 | D:2      | Slain by a leopard gecko

Skill      XL: |  1  2  3 |
---------------+----------+-----
Dodging        | 2 3 |  3.2
Fighting       | |  3.2
Armour         | |  2.1
Unarmed Combat | |  3.0

Action                   || total
-------------------------++-------
Melee: Unarmed           ||   119
Invok: Berserk           ||     1
Armor: Animal skin       ||    25
Dodge: Dodged            ||    55
